 Dungeon Crawl Stone Soup version 0.30.0-29-ga12c61a403 (webtiles) character file.

Game seed: 580058722102475299

6 Anandil the Magician (level 1, -1/13 HPs)
             Began as a Demonspawn Hedge Wizard on June 16, 2023.
             Slain by a quokka (4 damage)
             ... on level 1 of the Dungeon.
             The game lasted 00:01:32 (195 turns).

Anandil the Magician (Demonspawn Hedge Wizard)       Turns: 195, Time: 00:01:33

Health: -1/13      AC:  2    Str:  8 (10) XL:     1   Next: 75%
Magic:  2/4        EV: 12    Int: 13 (15) God:
Gold:   16         SH:  0    Dex: 10 (12) Spells: 5/6 levels left

rFire   . . .        i - +0 sling (drain)
rCold   . . .        (no shield)
rNeg    . . .        b - +0 robe
rPois   .            c - +0 hat
rElec   .            (no cloak)
rCorr   .            (no gloves)
SInv    .            (no boots)
Will    .....        (no amulet)
Stlth   ++           (no ring)
HPRegen 0.22/turn    (no ring)
MPRegen 0.09/turn

%: no passive effects
@: very slightly contaminated
A: no striking features
a: no special abilities


You were on level 1 of the Dungeon.
You visited 1 branch of the dungeon, and saw 1 of its levels.

You collected 16 gold pieces.

Inventory:

Hand Weapons
 a - a +0 dagger
 i - a +0 sling of draining (weapon)
Armour
 b - a +0 robe (worn)
 c - a +0 hat (worn)
 g - a +0 buckler
Scrolls
 f - a scroll of noise {unknown}
 h - a scroll of fear {unknown}
Potions
 d - a potion of magic


   Skills:
 + Level 1.9 Dodging
 - Level 1.7 Stealth
 + Level 3.0 Spellcasting
 + Level 1.2 Conjurations
 + Level 1.2 Summonings
 - Level 0.8 Translocations


You had 5 spell levels left.
You knew the following spells:

 Your Spells              Type           Power      Damage    Failure   Level
a - Magic Dart            Conj           20%        1d4       14%         1

Your spell library contained the following spells:

 Spells                   Type           Power      Damage    Failure   Level
 Call Imp                 Summ           10%        N/A       21%         2
 Slow                     Hex            8%         N/A       22%         1
 Blink                    Tloc           8%         N/A       24%         2
 Cigotuvi's Dreadful Rot  Necr/Pois/Air  4%         N/A       34%         2
 Mephitic Cloud           Conj/Pois/Air  3%         N/A       50%         3


Dungeon Overview and Level Annotations

Branches:
Dungeon (1/15)

Altars:


Message History

Unknown command.
Fire: i) +0 sling (drain)
Press: ? - help, Q - select action, (/) - cycle Shift-Dir - straight line, f/p - quokka
Aim: a quokka (38% to hit)
You shoot a sling bullet.
The sling bullet hits the quokka but does no damage.
You drain the quokka.
The quokka is heavily wounded.
The quokka barely misses you.
Fire: i) +0 sling (drain)
Press: ? - help, Q - select action, (/) - cycle Shift-Dir - straight line, f/p - quokka
Aim: a quokka (heavily wounded, heavily drained, 38% to hit)
You shoot a sling bullet.
The sling bullet closely misses the quokka.
The quokka closely misses you.
The quokka bites you but does no damage.
It was a potion of degeneration.
There was something very wrong with that liquid.
You feel weakened.
You feel dopey.
You feel clumsy. The quokka closely misses you.
Fire: i) +0 sling (drain)
Press: ? - help, Q - select action, (/) - cycle Shift-Dir - straight line, f/p - quokka
Aim: a quokka (heavily wounded, heavily drained, 35% to hit)
You shoot a sling bullet.
The sling bullet closely misses the quokka.
The quokka barely misses you. The quokka misses you.
Fire: i) +0 sling (drain)
Press: ? - help, Q - select action, (/) - cycle Shift-Dir - straight line, f/p - quokka
Aim: a quokka (moderately wounded, heavily drained, 35% to hit)
You shoot a sling bullet. The sling bullet hits the quokka.
The quokka is almost dead.
The quokka closely misses you. The quokka bites you.
* * * LOW HITPOINT WARNING * * *
Fire: i) +0 sling (drain)
Press: ? - help, Q - select action, (/) - cycle Shift-Dir - straight line, f/p - quokka
Aim: a quokka (almost dead, heavily drained, 35% to hit)
You shoot a sling bullet.
The sling bullet closely misses the quokka.
The quokka bites you.
You die...

.J#.###...######
#.............##
####.####........#
.........#.......##.
..##.##..#.#.###.##.
.## #.#.#.#.#.#.#
.##. #.P~
##)..##.#.#.# ....
...P .....Jr...#.#
#.... [...
##...##@#...#
#.##.##... #.#.
#.#...# #.##......
..##
#..###.###.##......
..
...#...............
####..#..##.#####...
##........# ##..
........##..#####..
..........#)....##..
...#............##..


You could see an endoplasm and a quokka (very drained).

Vanquished Creatures
  3 hobgoblins (D:1)
  2 ball pythons (D:1)
  A kobold (D:1)
6 creatures vanquished.

Notes
Turn   | Place    | Note
-------+----------+-------------------------------------------
     0 | D:1      | Anandil the Demonspawn Hedge Wizard began the quest for the
                  | Orb.
     0 | D:1      | Reached XP level 1. HP: 13/13 MP: 4/4
   195 | D:1      | Slain by a quokka

Illustrated notes

Levels and vault maps discovered:
D:1:      eino_arrival_druids_welcome, layout_loops_cross,
          roderic_three_in_a_row, minivault_19

Action                     || total
---------------------------++-------
  Melee: Dagger            ||     8
   Fire: Sling             ||     9
   Cast: Magic Dart        ||    11
    Use: Potion            ||     1
 Armour: Robe              ||     6
  Dodge: Dodged            ||    20
